 Dungeon Crawl Stone Soup version 0.31-a0-920-g28cbb04a8c (webtiles) character file.

Game seed: 4957002108239299134

126 Xavori the Trooper (level 5, -1/37 HPs)
             Began as an Octopode Chaos Knight on Oct 17, 2023.
             Was a Plaything of Xom.
             Slain by a guardian serpent (shapeshifter) (30 damage)
             ... in a sewer.
             The game lasted 00:02:48 (9993 turns).

Xavori the Trooper (Octopode Chaos Knight)          Turns: 9993, Time: 00:02:49

Health: -1/37      AC:  5    Str: 10    XL:     5   Next: 9%
Magic:  5/5        EV: 13    Int: 19    God:    Xom [..*...]
Gold:   131        SH:  0    Dex: 10    Spells: 4/4 levels left

rFire   . . .        a - +0 short sword (chaos)
rCold   . . .        (no shield)
rNeg    . . .        (helmet restricted)
rPois   .            e - amulet of regeneration
rElec   .            s - +4 ring of protection
rCorr   .            (no ring)
SInv    .            (no ring)
Will    +....        (no ring)
Stlth   ++           (no ring)
HPRegen 1.06/turn    (no ring)
MPRegen 0.09/turn    (no ring)
                     (no ring)

%: no passive effects
@: mighty, enlightened, flying
A: almost no armour, amphibious, 8 rings, camouflage 1, gelatinous body 1,
(nimble swimmer 1), tentacles, clever 1, clumsy 1, MP-powered wands
a: Renounce Religion


You were in a sewer.
You worshipped Xom.
You were a toy of Xom.
You visited 1 branch of the dungeon, and saw 3 of its levels.
You also visited: Sewer.

You collected 131 gold pieces.

Inventory:

Hand Weapons
 a - a +0 short sword of chaos (weapon)
Jewellery
 e - an amulet of regeneration (around mantle)
 s - a +4 ring of protection (left tentacle)
Scrolls
 b - a scroll of butterflies
 d - a scroll of enchant armour {unknown}
 f - 2 scrolls of enchant weapon {unknown}
 h - 2 scrolls of teleportation {unknown}
 i - 2 scrolls of identify {unknown}
 m - a scroll of poison {unknown}
 n - a scroll of noise {unknown}
 o - a scroll of fear {unknown}
 p - a scroll of revelation {unknown}
 r - a scroll of immolation {unknown}
Potions
 g - a potion of curing {unknown}
 k - a potion of mutation
 l - a potion of magic


   Skills:
 + Level 4.0 Fighting
 + Level 4.0 Short Blades
 + Level 3.5 Dodging


You had 4 spell levels left.
You didn't know any spells.
Your spell library contained the following spells:

 Spells                   Type           Power      Damage    Failure   Level
 Stone Arrow              Conj/Erth      0%         3d7       52%         3
 Lehudib's Crystal Spear  Conj/Erth      0%         10d2      100%        8
 Animate Armour           Summ/Erth      Unusable   N/A       N/A         4

Dungeon Overview and Level Annotations

Branches:
Dungeon (3/15)              Sewer (1/1)

Altars:
Xom

Shops:
D:1 =   D:2 [


Innate Abilities, Weirdness & Mutations

You cannot wear most types of armour.
You are amphibious.
You can wear up to eight rings at the same time.
Your skin changes colour to match your surroundings (Stealth+).
Your rubbery body absorbs attacks. (AC +1, EV +1)
((You are camouflaged when in or above water. (Stealth+)))
You have tentacles for arms and can constrict up to eight enemies at once.
Your mind is acute. (Int +4, Str/Dex -1)
You are clumsy. (Dex -2)
You expend magic power (3 MP) to strengthen your wands.


Message History

You feel clever.
Okay, then.
It was a potion of might.
You feel very mighty all of a sudden.
Xom roars with laughter!
The guardian serpent hits you. The rat barely misses you. The rat misses you.
The guardian serpent barely misses you.
It was a potion of magic.
Magic courses through your body. The guardian serpent barely misses you.
The rat barely misses you.
The rat twitches its whiskers.
The rat bites you.
Xom plays with reality for a moment.
The guardian serpent flies into a frenzy!
The rat flies into a frenzy!
The rat resists with almost no effort.
The rat flies into a frenzy!
The guardian serpent closely misses the rat. x2
The rat barely misses the rat.
The rat bites the rat.
The rat barely misses you.
The guardian serpent hits the rat!
The rat dies!
The guardian serpent closely misses the rat.
The rat barely misses the rat.
The rat bites the guardian serpent.
The guardian serpent hits the rat!!
The rat dies!
The rat bites the guardian serpent but does no damage.
The guardian serpent hits the rat!!
The rat dies!
Okay, then.
It was a potion of mutation.
You feel extremely strange.
Your thinking seems confused.
You no longer feel vulnerable to cold.
You no longer feel vulnerable to heat.
You feel clever.
You feel your magical essence link to the dungeon's wands.
The guardian serpent hits you but does no damage.
The guardian serpent hits you!
* * * LOW HITPOINT WARNING * * *
It was a potion of heal wounds.
You feel much better. The guardian serpent hits you!!
Ouch! That really hurt!
You die... "Huh?
Did I miss anything?"

≈≈~...~~.~.~.≈~
≈≈~≈~~~~~~~~~~~≈≈≈≈≈
≈≈≈≈≈~≈~~≈≈≈≈≈≈≈≈≈≈≈≈
≈≈≈≈~~~...~~~~~≈~≈≈≈≈
≈≈≈≈≈.~......~~.~~~~≈
~...~.........~~~~.≈~
...................~~
.........@S..........
#..........†.†......
##.......##.........
#...##..#####......#
∩..# ##..### ##...##
## ##..∩# #### #####


You could see a neutral guardian serpent shaped shifter (fast, strong,
frenzied).

Vanquished Creatures
  3 adders
  2 river rats (Sewer)
  A worm (D:3)
  2 dart slugs (D:1)
  2 orcs (D:3)
  6 ball pythons
  7 endoplasms
  6 giant cockroaches
  5 goblins
  6 hobgoblins
  2 jackals (D:1)
  A quokka (D:2)
  7 bats
  3 frilled lizards (D:1)
  5 kobolds
  8 rats
66 creatures vanquished.

Vanquished Creatures (collateral kills)
  3 rats (Sewer)
3 creatures vanquished.

Grand Total: 69 creatures vanquished

Notes
Turn   | Place    | Note
-------+----------+-------------------------------------------
     0 | D:1      | Xavori the Octopode Chaos Knight began the quest for the
                  | Orb.
     0 | D:1      | Reached XP level 1. HP: 16/16 MP: 1/1
    81 | D:1      | XOM: silly message
   239 | D:1      | Reached XP level 2. HP: 21/21 MP: 2/2
   338 | D:1      | XOM: 3-stop teleportation journey
   478 | D:1      | Reached XP level 3. HP: 24/26 MP: 3/3
   502 | D:1      | Found Fifumusuycea's Jewellery Shop.
   912 | D:1      | XOM: give mutation
   912 | D:1      | Gained mutation: You are weak. (Str -2) [Xom's mischief]
  1342 | D:1      | XOM is BORED!
  1342 | D:1      | XOM: summons 2 hostile demons
  1617 | D:1      | XOM: scenery: create altars
  2111 | D:1      | XOM is BORED!
  2135 | D:1      | XOM: give mutations
  2135 | D:1      | Gained mutation: Your flesh is heat resistant. (rF+) [Xom's
                  | mischief]
  2135 | D:1      | Gained mutation: You are clumsy. (Dex -2) [Xom's mischief]
  2135 | D:1      | Gained mutation: You possess an exceptional clarity of
                  | mind. [Xom's mischief]
  2385 | D:1      | XOM: summons 2 hostile demons
  2929 | D:1      | XOM: draining
  3286 | D:1      | XOM: give mutations
  3286 | D:1      | Lost mutation: You are weak. (Str -2) [Xom's mischief]
  3286 | D:1      | Gained mutation: You are vulnerable to cold. (rC-) [Xom's
                  | mischief]
  3286 | D:1      | Gained mutation: You do not regenerate when monsters are
                  | visible. [Xom's mischief]
  3286 | D:1      | Lost mutation: You do not regenerate when monsters are
                  | visible. [Xom's mischief]
  3302 | D:1      | XOM: summons 3 hostile shadow creatures
  3341 | D:2      | XOM: silly message
  4018 | D:1      | XOM: silly message
  4120 | D:1      | XOM: give mutation
  4120 | D:1      | Lost mutation: Your flesh is heat resistant. (rF+) [Xom's
                  | mischief]
  4120 | D:1      | Gained mutation: You are vulnerable to heat. (rF-) [Xom's
                  | mischief]
  4935 | D:1      | XOM: noise
  5128 | D:1      | XOM: noise
  6487 | D:1      | XOM: silly message
  7812 | D:1      | XOM: silly message
  8079 | D:1      | XOM: cloud trail
  8388 | D:1      | XOM is BORED!
  8388 | D:1      | XOM: summons 2 hostile demons
  8678 | D:2      | XOM: 2-stop teleportation journey
  8809 | D:2      | XOM: cloud trail
  9007 | D:2      | Found Seguinakh's Antique Armour Boutique.
  9022 | D:2      | Reached XP level 4. HP: 30/33 MP: 4/4
  9085 | D:2      | XOM: 1-stop teleportation journey
  9836 | D:3      | XOM: god gift: 5 curare-tipped darts
  9855 | D:3      | XOM: 2-stop teleportation journey
  9891 | D:3      | XOM: scenery: summon butterflies
  9896 | D:3      | XOM: 1-stop teleportation journey
  9948 | D:3      | Found a glowing drain.
  9967 | Sewer    | Entered a sewer
  9983 | Sewer    | a rat changed into a shapeshifter
  9983 | Sewer    | Noticed a shapeshifter (shapeshifter)
  9983 | Sewer    | XOM: polymorph rat -> shapeshifter
  9983 | Sewer    | a shapeshifter changed into a guardian serpent
  9983 | Sewer    | Noticed a guardian serpent (shapeshifter)
  9986 | Sewer    | Reached XP level 5. HP: 18/37 MP: 5/5
  9988 | Sewer    | XOM: cast spell 'Discord'
  9992 | Sewer    | Lost mutation: You possess an exceptional clarity of mind.
                  | [potion of mutation]
  9992 | Sewer    | Lost mutation: You are vulnerable to cold. (rC-) [potion of
                  | mutation]
  9992 | Sewer    | Lost mutation: You are vulnerable to heat. (rF-) [potion of
                  | mutation]
  9992 | Sewer    | Gained mutation: Your mind is acute. (Int +4, Str/Dex -1)
                  | [potion of mutation]
  9992 | Sewer    | Gained mutation: You expend magic power (3 MP) to
                  | strengthen your wands. [potion of mutation]
  9993 | Sewer    | Slain by a guardian serpent (shapeshifter)

Illustrated notes

Levels and vault maps discovered:
D:1:      minmay_arrival_open_corners, layout_loops_corners, serial_rivers,
          chequers_serial_rivers_small_3, chequers_serial_rivers_micro_d,
          chequers_serial_rivers_large_a, chequers_serial_rivers_small_b,
          chequers_serial_rivers_micro_b, serial_shops, nicolae_shop_trees
D:2:      layout_basic, serial_shops, shop
D:3:      layout_loops_corners, serial_shops, shop_statue, portal_sewer_entry_a,
          minmay_misc_feat_alley, minmay_fractal_squares_diagonal_5
Sewer:    sewer_minmay_treatment

Skill      XL: |  1  2  3  4 |
---------------+-------------+-----
Dodging        | 3 |  3.5
Fighting       | 4 |  4.0
Short Blades   | 4 |  4.0

Action                     |  1- 3 |  4- 6 || total
---------------------------+-------+-------++-------
  Melee: Short sword       |    93 |    41 ||   134
         Constrict         |    25 |    11 ||    36
         Tentacles         |    17 |    10 ||    27
         Punch             |     3 |     1 ||     4
    Use: Potion            |       |     5 ||     5
   Stab: Sleeping          |    10 |     3 ||    13
         Petrifying        |       |     1 ||     1
 Armour: Skin              |    36 |    20 ||    56
  Dodge: Dodged            |    58 |    26 ||    84

Table legend: (Time is in decaauts)
 A = Elapsed time spent in this place.
 B = Non-inter-level travel time spent in this place.
 C = Inter-level travel time spent in this place.
 D = Time resting spent in this place.
 E = Time spent auto-exploring this place.
 F = Levels seen in this place.
 G = Mean time per level.
                   A        B        C        D        E       F      G
               +--------+--------+--------+--------+--------+-----+--------+
         Total |   9973 |   9951 |     22 |   7847 |   1677 |   4 | 2493.2 |
       Dungeon |   9948 |   9926 |     22 |   7847 |   1672 |   3 | 3316.0 |
         Sewer |     24 |     24 |      0 |      0 |      5 |   1 |   24.0 |
               +--------+--------+--------+--------+--------+-----+--------+

Top non-repeatable levels by time:
     D:1: 7722 daAuts
     D:2: 1747 daAuts
     D:3: 478 daAuts
   Sewer: 24 daAuts
